 Dungeon Crawl Stone Soup version 0.30-a0-222-ge547ba4400 (webtiles) character file.

Game seed: 6433366495975749715

53 qw the Chopper (level 3, 0/23 HPs)
             Began as a Gargoyle Fighter on Oct 8, 2022.
             Slain by an orc wizard
             ... wielding a +0 dagger
              (3 damage)
             ... on level 2 of the Dungeon.
             The game lasted 00:00:38 (1536 turns).

qw the Chopper (Gargoyle Fighter)                   Turns: 1536, Time: 00:00:38

Health: 0/23       AC: 10    Str: 21    XL:     3   Next: 89%
Magic:  3/3        EV:  9    Int:  8    God:
Gold:   100        SH:  4    Dex:  9    Spells: 2/2 levels left

rFire   + . .      SeeInvis .    Y - +0 war axe
rCold   . . .      Faith    .    c - +0 buckler
rNeg    + . .      Spirit   .    b - +0 scale mail
rPois   inf        Reflect  .    (no helmet)
rElec   +          Harm     .    (no cloak)
rCorr   .          Rampage  .    (no gloves)
Will    .....                    (no boots)
Stlth   ..........               (no amulet)
HPRegen 0.23/turn                j - ring of protection from fire
MPRegen 0.08/turn                (no ring)

@: no status effects
A: sickness immunity, AC +3, negative energy resistance 1, electricity
resistance, torment resistance 1, petrification resistance
a: no special abilities


You were on level 2 of the Dungeon.
You visited 1 branch of the dungeon, and saw 2 of its levels.

You collected 100 gold pieces.


Innate Abilities, Weirdness & Mutations

You are immune to sickness and miasma.
Your stone body is resilient. (AC +3)
You are immune to poison.
You resist negative energy. (rN+)
You are resistant to electric shocks. (rElec)
You are resistant to unholy torment.
You are immune to petrification.


   Skills:
 - Level 3.2 Fighting
 + Level 3.7 Axes
 - Level 3.2 Armour
 - Level 3.2 Shields


You had 2 spell levels left.
You didn't know any spells.
Your spell library was empty.

Inventory:

Hand Weapons
 e - a +0 mace of protection
 Y - a +0 war axe (weapon)
Missiles
 f - 6 boomerangs (quivered)
Armour
 b - a +0 scale mail (worn)
 c - a +0 buckler (worn)
Jewellery
 j - a ring of protection from fire (left hand)
Scrolls
 g - a scroll of teleportation {unknown}
 i - a scroll of blinking {unknown}
Potions
 a - a potion of ambrosia {unknown}
 d - 2 potions of might
 h - a potion of degeneration {unknown}
 m - a potion of berserk rage {unknown}

Dungeon Overview and Level Annotations

Branches:
Dungeon (2/15)

Altars:


Message History

You barely miss something. You hit the orc.
You kill the orc!
Something hits you.
You miss something. Something hits you but does no damage.
A rat comes into view.
Something hits you but does no damage.
1516 ||| FLEEEEING.
Something hits you.
Items here: $ % )).
1517 ||| FLEEEEING.
Something hits you but does no damage.
A magic dart appears from out of thin air!
The magic dart hits you but does no damage.
1518 ||| FLEEEEING.
1521 ||| FLEEEEING.
1522 ||| FLEEEEING.
1523 ||| FLEEEEING.
1524 ||| FLEEEEING.
A magic dart appears from out of thin air!
The magic dart hits you.
1525 ||| FLEEEEING.
A magic dart appears from out of thin air!
The magic dart hits you.
You see here a +0 robe.
1526 ||| FLEEEEING.
1527 ||| FLEEEEING.
You are confused.
You bump into the rock wall.
You bump into the rock wall.
You miss something. Something hits you.
You bump into the rock wall.
Something hits you but does no damage.
You closely miss something.
You feel less confused. Something hits you but does no damage.
You block something's attack.
1534 ||| FLEEEEING.
1535 ||| FLEEEEING.
1536 ||| FLEEEEING.
Something hits you.
You die...

. ##..#...##.#...# ..
##........#.... .. ##.##.##.#....
..# #.##.##.#.#.. ...##
#....)....#.. ....##
####.####...# .....# #.#.......
..).)###################.#.##.###
..).)........[r.@...........#.#
########################.####.###
#.....)... ######.### #.# #.# #.#
#.# #..


You could see a rat.

Vanquished Creatures
  An adder (D:2)
  A worm (D:2)
  A dart slug (D:1)
  4 orcs (D:2)
  2 endoplasms (D:1)
  3 giant cockroaches
  6 goblins
  2 hobgoblins (D:1)
  2 kobolds
  A quokka (D:1)
  A ball python (D:2)
  3 bats
  7 rats
34 creatures vanquished.

Notes
Turn   | Place    | Note
-------+----------+-------------------------------------------
     0 | D:1      | qw the Gargoyle Fighter began the quest for the Orb.
     0 | D:1      | Reached XP level 1. HP: 14/14 MP: 1/1
     0 | D:1      | 0 ||| qw: Version: 0.2-a-17-g06abaee
     0 | D:1      | 0 ||| qw: Game counter: 2036
     0 | D:1      | 0 ||| qw: Always use a shield: true
     0 | D:1      | 0 ||| qw: God list: Okawaru
     0 | D:1      | 0 ||| qw: Allow faded altars: false
     0 | D:1      | 0 ||| qw: Do Orc after D:15 true
     0 | D:1      | 0 ||| qw: Do second Lair branch before Depths: true
     0 | D:1      | 0 ||| qw: Lair rune preference: random
     0 | D:1      | 0 ||| qw: Plans: Normal, Zot:1-4, God:TSO, Crypt, Tomb,
                  | Pan, Slime:5, Hells, Abyss, Orb
     0 | D:1      | 0 ||| PLANNING D:1-11
    92 | D:1      | Found a faded altar of an unknown god.
   113 | D:1      | 113 ||| Stepping ~*~*~tactically~*~*~ (stealth).
   125 | D:1      | Reached XP level 2. HP: 19/19 MP: 2/2
   476 | D:1      | 476 ||| Stepping ~*~*~tactically~*~*~ (hiding).
   480 | D:1      | 480 ||| Stepping ~*~*~tactically~*~*~ (hiding).
   697 | D:1      | Reached skill level 3 in Axes
   845 | D:1      | 845 ||| UPGRADING to ring of protection from fire.
   846 | D:1      | 846 ||| READING scroll labelled LEHYM QEKU.
   847 | D:1      | 847 ||| READING scroll labelled LEOSOP TIQAMA.
   848 | D:1      | 848 ||| READING scroll labelled KAN SONOTOTZEIBBY.
   849 | D:1      | 849 ||| READING scroll labelled FIROG ZOTI.
   850 | D:1      | 850 ||| READING scroll labelled MUPSADW FOCECW.
   851 | D:1      | 851 ||| READING scroll labelled RUJUOSCHILO.
   898 | D:2      | Reached XP level 3. HP: 18/23 MP: 3/3
   898 | D:2      | 898 ||| FLEEEEING.
   899 | D:2      | 899 ||| FLEEEEING.
   900 | D:2      | 900 ||| FLEEEEING.
   901 | D:2      | 901 ||| STAIRDANCE
  1056 | D:2      | 1056 ||| Stepping ~*~*~tactically~*~*~ (stealth).
  1151 | D:2      | 1151 ||| DROPPING +0 club.
  1516 | D:2      | 1516 ||| FLEEEEING.
  1517 | D:2      | 1517 ||| FLEEEEING.
  1518 | D:2      | 1518 ||| FLEEEEING.
  1521 | D:2      | 1521 ||| FLEEEEING.
  1522 | D:2      | 1522 ||| FLEEEEING.
  1523 | D:2      | 1523 ||| FLEEEEING.
  1524 | D:2      | 1524 ||| FLEEEEING.
  1524 | D:2      | HP: 3/23 [something/magic dart (6)]
  1525 | D:2      | 1525 ||| FLEEEEING.
  1526 | D:2      | 1526 ||| FLEEEEING.
  1527 | D:2      | 1527 ||| FLEEEEING.
  1531 | D:2      | HP: 2/23 [something (2)]
  1534 | D:2      | 1534 ||| FLEEEEING.
  1535 | D:2      | 1535 ||| FLEEEEING.
  1536 | D:2      | 1536 ||| FLEEEEING.
  1536 | D:2      | Slain by an orc wizard

Levels and vault maps discovered:
D:1:      eino_arrival_water_cross, layout_basic,
          chequers_ecumenical_altar_island
D:2:      layout_basic, grunt_ministairs_7, kennysheep_generic_room_5

Skill      XL: |  1  2 |
---------------+-------+-----
Axes           | 2 3 |  3.7
Fighting       | |  3.2
Armour         | |  3.2
Shields        | |  3.2

Action                   || total
-------------------------++-------
Melee: War axe           ||   109
Throw: Boomerang         ||     2
  Use: Scroll            ||     6
Armor: Scale mail        ||    72
Dodge: Dodged            ||    49
Block: Buckler           ||    22

Table legend:
 A = Non-vault XP
 B = Vault XP
 C = Vault XP percentage of total XP
 D = Non-vault monster count
 E = Vault monster count
 F = Vault count percentage of total count
                 A         B        C        D         E       F
            +---------+---------+-------+---------+---------+-------
      Total |      74 |       3 |   3.9 |      31 |       3 |   8.8
            +---------+---------+-------+---------+---------+-------
        D:1 |      31 |       0 |   0.0 |      17 |       0 |   0.0
        D:2 |      43 |       3 |   6.5 |      14 |       3 |  17.6
            +---------+---------+-------+---------+---------+-------
